AoeStats
← naphtaligrauer16

African Clearing

505955687Analyzed
4v4 RM · 21d ago on Sep 11, 2026· 41m 14s· 8 players
Game mode
Random Map
Map size
Large (8 player)
Population
200
Speed
Normal
Resources
Standard
Victory
Conquest
Starting age
Dark Age
Ending age
Imperial Age
RankedLock teamsTeams togetherTeam positionsShared explorationLock speedFull tech treeHidden civsTurbo modeCheats
Victory
Defeat
🇭🇰 Burmese · Hong Kong SAR China
1757
+9
🇩🇪 Georgians · Germany
1699
+11
🇺🇸 Lithuanians · United States
1673
+12
🇩🇪 Teutons · Germany
1519
+18
1661
-16
🇲🇽 Japanese · Mexico
1641
-15
🇦🇷 Berbers · Argentina
1511
-10
🇦🇷 Vietnamese · Argentina
1484
-9
[NOGG] HaZarD10S
6:16 Loom
13:10 Feudal Age
17:15 Castle Age
17:06 Fletching
19:51 Scale Mail Armor
19:17 Crossbowman
22:46 Double-Bit Axe
24:21 Town Watch
24:25 Horse Collar
25:37 Bodkin Arrow
30:11 Pikeman
35:36 Wheelbarrow
37:01 Bow Saw
37:49 Forging
37:40 Scale Mail Armor
37:49 Squires
42:45 Imperial Age
Cyndaquil
12:40 Loom
15:03 Feudal Age
15:35 Town Watch
19:32 Castle Age
18:19 Double-Bit Axe
19:44 Fletching
23:05 Bodkin Arrow
25:40 Fishing Lines
28:17 Ballistics
28:11 Bloodlines
30:45 Wheelbarrow
30:32 Padded Archer Armor
31:35 Horse Collar
32:28 Leather Archer Armor
32:56 Heavy Plow
40:33 Imperial Age
40:32 Hand Cart
41:20 Bracer
41:51 Ring Archer Armor
42:23 Chemistry
que estas haciendo gonorrea?
3:38 Loom
16:59 Feudal Age
20:23 Fletching
25:31 Castle Age
30:01 Double-Bit Axe
31:44 Town Watch
32:29 Horse Collar
33:16 Heavy Plow
33:30 Bow Saw
36:23 Wheelbarrow
Francisco Pizarron
5:31 Loom
12:07 Feudal Age
12:35 Double-Bit Axe
13:25 Town Watch
14:47 Horse Collar
16:58 Scale Barding Armor
23:20 Forging
25:13 Wheelbarrow
28:30 Castle Age
29:37 Chain Barding Armor
30:27 Bow Saw
30:18 Heavy Plow
30:37 Hand Cart
34:13 Bloodlines
39:36 Imperial Age
40:28 Iron Casting
40:57 Plate Barding Armor
ArabiaHaterNr.1
9:03 Loom
10:49 Feudal Age
11:45 Double-Bit Axe
14:53 Horse Collar
21:33 Castle Age
22:42 Bow Saw
25:06 Wheelbarrow
25:23 Bloodlines
27:51 Scale Barding Armor
29:03 Chain Barding Armor
30:15 Husbandry
33:54 Town Watch
35:17 Forging
35:52 Gold Mining
36:23 Stone Mining
naphtaligrauer16
8:42 Loom
13:45 Feudal Age
17:38 Castle Age
15:34 Double-Bit Axe
16:04 Horse Collar
23:56 Wheelbarrow
24:07 Heavy Plow
28:09 Hand Cart
28:05 Bow Saw
27:57 Gold Mining
27:59 Stone Mining
32:51 Imperial Age
33:31 Bloodlines
33:31 Scale Barding Armor
33:37 Forging
33:24 Cavalier
35:22 Chain Barding Armor
36:24 Capped Ram
40:39 Paladin
龙虾小兵
5:52 Loom
14:24 Feudal Age
18:56 Castle Age
17:32 Double-Bit Axe
40:54 Horse Collar
Hui
12:06 Loom
15:06 Feudal Age
19:09 Castle Age
16:52 Horse Collar
19:13 Light Cavalry
25:20 Town Watch
26:31 Wheelbarrow
33:19 Hand Cart
38:03 Imperial Age
35:50 Bloodlines
36:07 Husbandry
36:55 Scale Barding Armor
37:21 Forging
38:25 Chain Barding Armor
39:04 Iron Casting
39:11 Heavy Plow
39:23 Manipur Cavalry
40:46 Plate Barding Armor
40:33 Conscription
40:18 Howdah
40:39 Conscription
42:12 Crop Rotation
41:33 Gold Mining
41:34 Stone Mining
Connection lost

Rejoining the realm…

Still unreachable

The connection could not be restored.

Session expired

The server has moved on; the page needs a fresh start.